 Dungeon Crawl Stone Soup version 0.30.1-4-g462c640d31 (webtiles) character file.

Game seed: 16484760776012081500

1 Babbit the Shield-Bearer (level 1, -1/20 HPs)
             Began as a Minotaur Fighter on Aug 21, 2023.
             Slain by a hobgoblin (2 damage)
             ... on level 1 of the Dungeon.
             The game lasted 00:00:19 (74 turns).

Babbit the Shield-Bearer (Minotaur Fighter)           Turns: 74, Time: 00:00:19

Health: -1/20      AC:  6    Str: 20    XL:     1   Next: 16%
Magic:  0/0        EV:  9    Int:  5    God:
Gold:   19         SH:  4    Dex:  9    Spells: 0/0 levels left

rFire   . . .        a - +0 war axe
rCold   . . .        c - +0 buckler
rNeg    . . .        b - +0 scale mail
rPois   .            (helmet restricted)
rElec   .            (no cloak)
rCorr   .            (no gloves)
SInv    .            (no boots)
Will    .....        (no amulet) Stlth
                     (no ring)
HPRegen 0.23/turn    (no ring)
MPRegen 0.07/turn

%: no passive effects
@: no status effects
A: horns 2, retaliatory headbutt
a: no special abilities


You were on level 1 of the Dungeon.
You visited 1 branch of the dungeon, and saw 1 of its levels.

You collected 19 gold pieces.

Inventory:

Hand Weapons
 a - a +0 war axe (weapon)
Armour
 b - a +0 scale mail (worn)
 c - a +0 buckler (worn)
Potions
 d - a potion of might


   Skills:
 + Level 3.6 Fighting
 + Level 2.4 Axes
 + Level 3.6 Armour
 + Level 3.6 Shields


You couldn't memorise any spells.
You didn't know any spells.
Your spell library was empty.

Dungeon Overview and Level Annotations

Branches:
Dungeon (1/15)

Altars:

Annotations:
D:1 2 transporters


Innate Abilities, Weirdness & Mutations

You have a pair of horns on your head.
You reflexively headbutt those who attack you in melee.


Message History

You closely miss the hobgoblin. The hobgoblin closely misses you.
The hobgoblin hits you but does no damage.
You completely miss the hobgoblin.
The hobgoblin hits you but does no damage.
You barely miss the hobgoblin. You barely miss the quokka.
The hobgoblin completely misses you. The quokka bites you.
The hobgoblin closely misses you.
You barely miss the hobgoblin. You barely miss the quokka.
The quokka bites you.
The hobgoblin hits you but does no damage.
The quokka bites you.
You are too injured to fight recklessly!
You are too injured to fight recklessly!
You miss the quokka. You closely miss the hobgoblin.
The quokka barely misses you. You block the hobgoblin's attack.
The quokka bites you but does no damage.
The hobgoblin closely misses you.
You closely miss the quokka. The quokka closely misses you.
The quokka barely misses you.
You barely miss the quokka. You completely miss the hobgoblin.
The quokka barely misses you. The hobgoblin barely misses you.
You block the quokka's attack.
The hobgoblin hits you but does no damage.
You barely miss the quokka. You barely miss the hobgoblin.
The quokka bites you.
* * * LOW HITPOINT WARNING * * *
The hobgoblin hits you.
* * * LOW HITPOINT WARNING * * *
You closely miss the quokka. You hit the hobgoblin.
The quokka closely misses you. You block the hobgoblin's attack.
The quokka barely misses you.
You closely miss the quokka. You closely miss the hobgoblin.
You block the hobgoblin's attack. The quokka barely misses you.
The hobgoblin hits you but does no damage.
The quokka bites you.
* * * LOW HITPOINT WARNING * * *
You barely miss the quokka. You barely miss the hobgoblin.
The quokka bites you but does no damage.
The hobgoblin hits you.
You die...

. . .. ## .# ...
#. . ≈~..##.## .#
≈≈.....####.#
###### #..S.#...
#...(.
#rg#.########.....
#~≈≈~~...~≈
#@....>#..........
≈≈≈≈~.©>©.~
#....#.#..........
≈≈≈≈~~.⌠.~≈
#.................
~≈≈≈≈≈~~~≈≈≈..
+...............##
≈≈≈≈≈≈≈≈≈≈≈≈.
#...............#
≈≈~~~~≈≈≈≈≈..
#.........).....##
≈~.⌠.~≈≈≈≈≈.#
#.................
~.©<©.~≈≈≈~.#
#.................
≈~...~≈≈≈≈..#
#.................


You could see a quokka, a hobgoblin and a ball python.

Vanquished Creatures
  A goblin (D:1)
1 creature vanquished.

Notes
Turn   | Place    | Note
-------+----------+-------------------------------------------
     0 | D:1      | Babbit the Minotaur Fighter began the quest for the Orb.
     0 | D:1      | Reached XP level 1. HP: 19/19 MP: 0/0
    73 | D:1      | HP: 1/20 [quokka (3)]
    74 | D:1      | Slain by a hobgoblin

Illustrated notes

Levels and vault maps discovered:
D:1:      spicycebolla_arrival_transporter_tutorial, layout_basic

Action                     || total
---------------------------++-------
  Melee: War axe           ||    15
 Armour: Scale mail        ||     9
  Dodge: Dodged            ||    14
  Block: Buckler           ||     4
